 Dungeon Crawl Stone Soup version 0.25-a0-35-g747a2b3c0c (webtiles) character file.

Game seed: 9452503626359103163, levelgen mode: deterministic

12383 mortelune the Arsonist (level 11, -6/62 (64) HPs)
             Began as a Deep Elf Fire Elementalist on Oct 19, 2019.
             Was an Elder of Vehumet.
             Mangled by Gastronok (29 damage)
             ... on level 2 of the Lair of Beasts.
             The game lasted 00:44:09 (17185 turns).

mortelune the Arsonist (DEFE)                      Turns: 17185, Time: 00:44:10

HP:   -6/62 (64)    AC: 13    Str: 10    XL:     11   Next: 61%
MP:   1/26          EV: 17    Int: 26    God:    Vehumet [****..]
Gold: 796           SH:  0    Dex: 15    Spells: 4/29 levels left

rFire    . . .     SeeInvis .   I - +6 trident
rCold    . . .     Gourm    .   (no shield)
rNeg     . . .     Faith    .   S - +0 troll leather armour
rPois    .         Spirit   .   J - +0 helmet
rElec    .         Reflect  .   q - +2 cloak
rCorr    .         Harm     .   U - +0 pair of gloves
MR       +....                  C - +2 pair of boots
Stlth    ++........             (no amulet)
HPRegen  0.60/turn              n - +2 ring of strength
MPRegen  0.20/turn              (no ring)

@: brilliant, slowed, very slow
A: no striking features
a: Renounce Religion


You were on level 2 of the Lair of Beasts.
You worshipped Vehumet.
Vehumet was greatly pleased with you.
You were very hungry.

You visited 3 branches of the dungeon, and saw 13 of its levels.
You also visited: Ossuary.

You collected 796 gold pieces.

Inventory:

Hand Weapons
 b - a +0 halberd
 i - a +0 whip
 s - a +1 whip of freezing
 y - a +4 morningstar
 A - a +4 spear
 I - a +6 trident (weapon)
Armour
 q - a +2 cloak (worn)
 B - a +0 hat
 C - a +2 pair of boots (worn)
 J - a +0 helmet (worn)
 M - a +2 ring mail of fire resistance
 S - a +0 troll leather armour (worn)
 U - a +0 pair of gloves (worn)
Jewellery
 n - a +2 ring of strength (left hand)
 D - an uncursed ring of positive energy
 O - a +2 ring of evasion
 P - the ring of Zicw {rC+ rN+}
   (You found it on level 9 of the Dungeon)

   [ring of positive energy]

   It protects you from cold.
   It protects you from negative energy.
 Q - an uncursed amulet of harm
Wands
 a - a wand of flame (25)
 t - a wand of acid (6)
 u - a wand of enslavement (11)
 w - a wand of paralysis (11)
 z - a wand of digging (5)
 F - a wand of random effects (39)
 G - a wand of iceblast (13)
 H - a wand of polymorph (19)
 T - a wand of clouds (7)
Scrolls
 g - 6 scrolls of remove curse
 h - 3 scrolls of blinking
 j - 2 scrolls of enchant armour
 m - 2 scrolls of magic mapping
 o - 2 scrolls of teleportation
 K - 2 scrolls of identify
 N - 3 scrolls of enchant weapon
 V - a scroll of holy word
 W - a scroll of fog
Potions
 d - 3 potions of might
 e - a potion of ambrosia
 f - a potion of magic
 k - a potion of resistance
 l - 3 potions of brilliance
 p - 2 potions of invisibility
 r - 2 potions of mutation
 v - 4 potions of flight
 x - 6 potions of curing
 E - 3 potions of lignification
 L - a potion of haste
 R - a potion of agility
Comestibles
 c - 12 rations


   Skills:
 + Level 5.2 Fighting
 * Level 3.0 Armour
 - Level 9.2 Dodging
 - Level 2.4 Stealth
 + Level 9.6 Spellcasting
 * Level 10.8 Conjurations
 + Level 11.0 Fire Magic


You had 4 spell levels left.
You knew the following spells:

 Your Spells              Type           Power        Failure   Level  Hunger
a - Flame Tongue          Conj/Fire      #####        1%          1    None
b - Throw Flame           Conj/Fire      ######       1%          2    None
c - Conjure Flame         Conj/Fire      ######..     1%          3    None
d - Sticky Flame          Conj/Fire      ######..     1%          4    #......
e - Fireball              Conj/Fire      ######....   1%          5    ####...
g - Mephitic Cloud        Conj/Pois/Air  #####...     1%          3    None
s - Orb of Destruction    Conj           ######....   8%          7    #######

Your spell library contained the following spells:

 Spells                   Type           Power        Failure   Level  Hunger
 Dazzling Spray           Conj/Hex       ######       1%          3    None
 Inner Flame              Hex/Fire       ######..     1%          3    None
 Bolt of Magma            Conj/Fire/Erth ######....   1%          5    ####...
 Iskenderun's Battlesphe  Conj/Chrm      ######..     2%          5    ####...
 Venom Bolt               Conj/Pois      ######....   2%          5    ####...
 Iron Shot                Conj/Erth      ######....   12%         6    ######.
 Spellforged Servitor     Conj/Summ      ######....   47%         7    #######


Dungeon Overview and Level Annotations

Branches:
Dungeon (10/15)            Temple (1/1) D:4            Lair (2/6) D:8
    Orc (0/2) D:9         Ossuary (visited)
  Swamp: Lair:2-4    Shoals: Lair:2-4     Snake: Lair:2-4    Spider: Lair:2-4

Altars:
Ashenzari
Cheibriados
Dithmenos
Elyvilon
Gozag
Kikubaaqudgha
Makhleb
Nemelex Xobeh
Okawaru
Ru
Sif Muna
Trog
Uskayaw
Vehumet
Xom
Yredelemnul

Annotations:
D:5 2 transporters, Lavandula's ghost, amateur FeWr
D:9 2 transporters, psellion's ghost, novice MfAK
Lair:2 Gastronok


Message History

You are feeling very hungry.
The orb of destruction hits Gastronok!!!
Gastronok is almost dead.
Gastronok's eyestalks quiver as he mumbles some strange words.
Gastronok puts on a burst of speed!
Gastronok waves his eye-stalks in wide circles.
The air twists around and strikes you!! Gastronok bites you!!
The quokka closely misses you.
Casting: Orb of Destruction (quite dangerous; 8% risk of failure)
Confirm with . or Enter, or press ? or * to list all spells.
Aiming: Sticky Flame (safe; 1% risk of failure)
Press: ? - help, Shift-Dir - straight line, f/p - Gastronok
Aim: Gastronok, wearing a +1 hat of see invisible (severely wounded, covering ground quickly)
The sticky flame hits Gastronok!
Gastronok is almost dead.
Gastronok is covered in liquid flames!
Gastronok burns! x2
The quokka closely misses you.
Gastronok gurgles, "You're how I like my food.
Fast!"
Gastronok bites you!!
You die...

##r.#####
#.......#
##.....<###
.<............#
#...##......PP#
### #......###
#......#
##..w.## #P@r##
#..## #..#
###.####
#...##.## .##
##'##.#.#
....##.....#.#
#..^...P.#...#
##..+...#...#


You could see Gastronok (burning) and a quokka.

Vanquished Creatures
  Harold (D:8)
  An unseen horror (D:10)
  Pikel (D:5)
  A deep elf mage (D:7)
  Maurice (D:8)
  A spiny frog (Lair:1)
  A troll (D:9)
  2 hornets (D:10)
  2 hippogriffs
  Sigmund (D:2)
  2 wraiths (Ossuary)
  A wyvern (D:9)
  8 yaks
  Grum (Lair:1)
  2 basilisks (D:8)
  A steam dragon (D:7)
  Menkaure (D:5)
  A vampire mosquito (D:9)
  A soldier ant (D:10)
  Edmund (D:4)
  2 porcupines
  6 orc warriors
  2 ice beasts
  2 sky beasts
  A slave (D:5)
  A black bear (D:9)
  2 phantoms
  A necrophage (D:6)
  3 ogres
  3 wolves (Lair:1)
  5 crocodiles
  2 big kobolds (D:9)
  10 bullfrogs
  A wyvern zombie (D:8)
  5 scorpions
  A water moccasin skeleton (D:9)
  8 killer bees
  15 wights
  2 howler monkeys (D:7)
  A centaur zombie (D:6)
  A crimson imp (D:9)
  A quasit (D:10)
  A jelly (D:8)
  4 orc priests
  3 bullfrog skeletons
  5 hounds
  5 orc wizards
  2 centaur skeletons
  Ijyb (D:5)
  Terence (D:3)
  4 iguanas
  7 worker ants
  A hound zombie (D:9)
  Robin (D:4)
  A howler monkey skeleton (D:4)
  A howler monkey zombie (D:6)
  A worker ant zombie (D:7)
  8 gnolls
  16 adders
  4 shadow imps
  An ooze (D:4)
  2 worms
  5 dart slugs
  5 leopard geckos
  27 orcs
  6 giant cockroaches
  19 goblins
  11 hobgoblins
  6 jackals
  3 quokkas
  A ball python (D:5)
  A ball python skeleton (Ossuary)
  13 bats
  5 frilled lizards
  3 hobgoblin skeletons (Ossuary)
  8 kobolds
  2 orc skeletons (Ossuary)
  A quokka skeleton (D:4)
  3 rats
294 creatures vanquished.

Vanquished Creatures (others)
  A centaur (D:5)
  A quasit (D:7)
  A leopard gecko (D:5)
  4 bushes (D:8)
  6 fungi
  18 plants
31 creatures vanquished.

Grand Total: 325 creatures vanquished

Notes
Turn   | Place    | Note
-------+----------+-------------------------------------------
     0 | D:1      | mortelune the Deep Elf Fire Elementalist began the quest
                  | for the Orb.
     0 | D:1      | Reached XP level 1. HP: 10/10 MP: 6/6
   458 | D:1      | Reached XP level 2. HP: 15/15 MP: 4/8
   495 | D:1      | Learned a level 2 spell: Throw Flame
  1502 | D:1      | Reached XP level 3. HP: 19/19 MP: 0/9
  1580 | D:1      | Learned a level 3 spell: Conjure Flame
  1821 | D:2      | Reached skill level 4 in Fire Magic
  2020 | D:2      | Found an iron altar of Okawaru.
  2239 | D:2      | Found a shimmering blue altar of Sif Muna.
  2262 | D:2      | Reached XP level 4. HP: 24/24 MP: 4/11
  2268 | D:2      | Learned a level 4 spell: Sticky Flame
  2652 | D:2      | Noticed Sigmund
  2902 | D:3      | Reached XP level 5. HP: 28/28 MP: 1/13
  3277 | D:3      | Noticed Terence
  3334 | D:3      | Killed Terence
  3875 | D:4      | Found a shimmering altar of Xom.
  4195 | D:4      | Reached skill level 5 in Fire Magic
  4217 | D:4      | Reached XP level 6. HP: 29/32 MP: 0/14
  4558 | D:4      | Noticed Edmund
  4597 | D:5      | Entered Level 5 of the Dungeon
  4935 | D:5      | Found an opulent altar of Gozag.
  4970 | D:5      | Noticed Ijyb
  4976 | D:5      | Killed Ijyb
  5190 | D:5      | Noticed Pikel
  5190 | D:5      | Noticed a slave
  5193 | D:5      | Noticed a slave
  5211 | D:5      | Killed a slave
  5217 | D:5      | Noticed a slave
  5220 | D:5      | Noticed a slave
  5227 | D:5      | Killed Pikel
  5227 | D:5      | Reached skill level 1 in Fighting
  5227 | D:5      | Reached skill level 5 in Spellcasting
  5227 | D:5      | Reached skill level 5 in Conjurations
  5227 | D:5      | Reached skill level 6 in Fire Magic
  5227 | D:5      | Reached XP level 7. HP: 19/38 MP: 0/17
  5525 | D:5      | Found a transporter.
  5527 | D:5      | Found a transporter.
  5572 | D:5      | Noticed Lavandula's ghost (amateur FeWr)
  5574 | D:5      | Identified the +2 dire flail of Impermanence {holy, +Inv
                  | Int+4 Dex-2}
  5627 | D:5      | Noticed Menkaure
  5632 | D:5      | Killed Menkaure
  5632 | D:5      | Reached skill level 5 in Dodging
  5632 | D:5      | Reached XP level 8. HP: 32/44 MP: 10/18
  5639 | D:5      | Learned a level 5 spell: Fireball
  6005 | D:5      | Found a radiant altar of Vehumet.
  6015 | D:5      | Became a worshipper of Vehumet
  6563 | D:6      | Reached skill level 7 in Fire Magic
  7993 | D:7      | Reached XP level 9. HP: 37/47 MP: 4/21
  8083 | D:7      | Found a sand-covered staircase.
  8088 | Ossuary  | Entered an ossuary
  8325 | Ossuary  | Reached * piety under Vehumet
  8325 | Ossuary  | Offered knowledge of Freeze by Vehumet.
  8329 | Ossuary  | Learned a level 1 spell: Freeze
  8446 | Ossuary  | Reached skill level 8 in Fire Magic
  9008 | D:7      | Noticed a deep elf mage
  9023 | D:7      | Killed a deep elf mage
  9716 | D:7      | Reached skill level 9 in Fire Magic
 10408 | D:8      | Found a burning altar of Makhleb.
 10410 | D:8      | Noticed Harold
 10433 | D:8      | Killed Harold
 10433 | D:8      | Reached XP level 10. HP: 29/54 MP: 0/24
 11007 | D:8      | Noticed Maurice
 11013 | D:8      | Killed Maurice
 11157 | D:8      | Offered knowledge of Magic Dart by Vehumet.
 11158 | D:8      | Reached ** piety under Vehumet
 11356 | D:8      | Reached skill level 10 in Fire Magic
 11512 | D:8      | Found a staircase to the Lair.
 11752 | D:8      | Found a shattered altar of Ashenzari.
 11753 | D:8      | Found an ancient bone altar of Kikubaaqudgha.
 12022 | D:8      | Found a burning altar of Makhleb.
 12023 | D:8      | Found a sacrificial altar of Ru.
 12031 | D:8      | Found a sparkling altar of Nemelex Xobeh.
 12074 | D:8      | Found a snail-covered altar of Cheibriados.
 12411 | D:9      | Offered knowledge of Mephitic Cloud by Vehumet.
 12509 | D:9      | Learned a level 3 spell: Mephitic Cloud
 12622 | D:9      | Found a staircase to the Orcish Mines.
 12714 | D:9      | Reached *** piety under Vehumet
 12755 | D:9      | Reached XP level 11. HP: 60/60 MP: 12/25
 12770 | D:9      | Found a transporter.
 12934 | D:9      | Reached skill level 10 in Conjurations
 12980 | D:9      | Offered knowledge of Iskenderun's Mystic Blast by Vehumet.
 12986 | D:9      | Learned a level 4 spell: Iskenderun's Mystic Blast
 13100 | D:9      | Found a transporter.
 13100 | D:9      | Noticed a two-headed ogre
 13100 | D:9      | Noticed a two-headed ogre
 13108 | D:9      | Found a bloodstained altar of Trog.
 13108 | D:9      | Identified the +2 demon blade of the Vulture {venom,
                  | *Corrode *Drain Dex+6}
 13108 | D:9      | Noticed an orc knight
 13108 | D:9      | Noticed psellion's ghost (novice MfAK)
 13199 | D:9      | Found a hide-covered altar of Uskayaw.
 13265 | D:9      | Found a shadowy altar of Dithmenos.
 13282 | D:9      | Got a coiled steel ring
 13566 | D:9      | Identified the ring of Zicw {rC+ rN+} (You found it on
                  | level 9 of the Dungeon)
 13649 | D:4      | Reached skill level 1 in Armour
 13749 | D:4      | Found a staircase to the Ecumenical Temple.
 13815 | D:4      | Noticed Robin
 13818 | D:4      | Killed Robin
 13846 | Temple   | Entered the Ecumenical Temple
 13976 | D:4      | Reached **** piety under Vehumet
 14196 | D:4      | Killed Edmund
 14530 | D:2      | Killed Sigmund
 14654 | D:10     | Entered Level 10 of the Dungeon
 14696 | D:10     | Offered knowledge of Dazzling Spray by Vehumet.
 14788 | D:10     | Noticed an unseen horror
 14791 | D:10     | Killed an unseen horror
 14798 | D:10     | Reached skill level 5 in Fighting
 15761 | D:10     | Reached skill level 11 in Fire Magic
 15861 | D:10     | Learned a level 7 spell: Orb of Destruction
 15921 | Lair:1   | Entered Level 1 of the Lair of Beasts
 16362 | Lair:1   | Noticed Grum
 16369 | Lair:1   | Killed Grum
 17012 | Lair:2   | Noticed Gastronok
 17185 | Lair:2   | Mangled by Gastronok

Levels and vault maps discovered:
D:1:      dpeg_arrival_boxes_within_box, layout_basic
D:2:      layout_loops_cross, okawaru_metal_pillars_3, lemuel_blue_sif_altar,
          minmay_misc_feat_enclosed, uniq_sigmund
D:3:      layout_loops_ring, first_ration, uniq_terence
D:4:      minmay_spotlight, layout_cave_pools, xom_teletrap_fun,
          minmay_temple_entry_gardened_gates, uniq_edmund,
          uniq_crazy_yiuf_cottage, uniq_robin
D:5:      layout_loops_cross, marbit_many_paths, grunt_gozag_breadcrumbs,
          gammafunk_ghost_smash, uniq_pikel, uniq_menkaure, uniq_ijyb
D:6:      layout_cave_pools
D:7:      minmay_opposing_rooms, layout_loops_ring, nicolae_ossuary_entry_plus
D:8:      layout_basic, grunt_temple_overflow_open, minmay_lair_entry_grove,
          basic_altar, uniq_maurice, uniq_harold
D:9:      minmay_ornate_pinched, layout_basic, lemuel_crystal_altar,
          kennysheep_mini, orc_0_dummy, gammafunk_ghost_wrathful_warriors
D:10:     layout_basic, hangedman_pestilent_swarm
Temple:   compressed_dpeg_triangle_lava_temple
Lair:1:   layout_regular_city, lemuel_old_faithful, uniq_grum
Lair:2:   layout_roguey, palyth_hydra_swamp_entry, uniq_gastronok

Skill      XL: |  1  2  3  4  5  6  7  8  9 10 11 |
---------------+----------------------------------+-----
Conjurations   | 2 3 5 7 8 9 10 | 10.8
Fire Magic     | 4 5 6 7 9 10 11 | 11.0
Dodging        | 3 4 5 6 7 9 |  9.2
Spellcasting   | 4 5 6 8 9 |  9.6
Fighting       | 1 2 3 4 5 |  5.2
Armour         | 3 |  3.0
Stealth        | |  2.4

Action                   |  1- 3 |  4- 6 |  7- 9 | 10-12 || total
-------------------------+-------+-------+-------+-------++-------
Melee: Whip              |     2 |     5 |    32 |       ||    39
       Halberd           |       |    10 |       |       ||    10
       Trident           |       |       |       |    14 ||    14
 Cast: Flame Tongue      |    26 |    70 |   126 |   130 ||   352
       Throw Flame       |    46 |    69 |    47 |   139 ||   301
       Conjure Flame     |       |     3 |     4 |     8 ||    15
       Sticky Flame      |       |     7 |    22 |    34 ||    63
       Fireball          |       |       |    12 |    43 ||    55
       Mephitic Cloud    |       |       |       |     2 ||     2
       Iskenderun's Myst |       |       |       |     4 ||     4
       Freeze            |       |       |       |     3 ||     3
       Orb of Destructio |       |       |       |     3 ||     3
Evoke: Wand              |       |       |     1 |     2 ||     3
  Use: Potion            |       |     2 |     1 |     1 ||     4
       Scroll            |       |       |    13 |    10 ||    23
  Eat: Chunk             |     6 |    10 |     6 |    29 ||    51
       Ration            |       |       |     5 |     1 ||     6
Armor: Robe              |     4 |     2 |     9 |     8 ||    23
       Troll leather arm |       |       |       |    20 ||    20
Dodge: Dodged            |     9 |    32 |    74 |   112 ||   227

Table legend:
 A = Non-vault XP
 B = Vault XP
 C = Vault XP percentage of total XP
 D = Non-vault monster count
 E = Vault monster count
 F = Vault count percentage of total count
                 A         B        C        D         E       F
            +---------+---------+-------+---------+---------+-------
      Total |    9149 |    8542 |  48.3 |     220 |      74 |  25.2
            +---------+---------+-------+---------+---------+-------
        D:1 |      46 |       0 |   0.0 |      24 |       0 |   0.0
        D:2 |     110 |     231 |  67.7 |      23 |       1 |   4.2
        D:3 |     104 |      36 |  25.7 |      24 |       1 |   4.0
        D:4 |     202 |     462 |  69.6 |      15 |      16 |  51.6
        D:5 |     232 |     849 |  78.5 |      14 |       3 |  17.6
        D:6 |     858 |       0 |   0.0 |      19 |       0 |   0.0
        D:7 |    1381 |     830 |  37.5 |      23 |       6 |  20.7
        D:8 |    1365 |    3129 |  69.6 |      28 |      14 |  33.3
        D:9 |    1547 |     988 |  39.0 |      25 |      12 |  32.4
       D:10 |    2333 |     746 |  24.2 |      19 |       4 |  17.4
     Temple |      66 |       0 |   0.0 |       2 |       0 |   0.0
     Lair:1 |     905 |     549 |  37.8 |       4 |       4 |  50.0
    Ossuary |       0 |     722 | 100.0 |       0 |      13 | 100.0
            +---------+---------+-------+---------+---------+-------
